 Dungeon Crawl Stone Soup version 0.29.1-2-gbd0b4ee654 (webtiles) character file.

Game seed: 7658065950434174656

14 KeithyIrwin the Trooper (level 2, -1/27 HPs)
             Began as a Hill Orc Abyssal Knight on Nov 22, 2022.
             Was a Believer of Lugonu.
             Slain by a hobgoblin
             ... wielding a +0 hand axe
              (5 damage)
             ... on level 1 of the Dungeon.
             The game lasted 00:04:45 (358 turns).

KeithyIrwin the Trooper (Hill Orc Abyssal Knight)    Turns: 358, Time: 00:04:46

Health: -1/27      AC:  3    Str: 15    XL:     2   Next: 45%
Magic:  3/3        EV: 11    Int: 10    God:    Lugonu [**....]
Gold:   7          SH:  0    Dex: 11    Spells: 1/1 levels left

rFire   . . .      SeeInvis .   a - +1 hand axe
rCold   . . .      Faith    .   (no shield)
rNeg    . . .      Spirit   .   b - +0 leather armour
rPois   .          Reflect  .   (no helmet)
rElec   .          Harm     .   (no cloak)
rCorr   .          Rampage  .   (no gloves)
Will    .....                   (no boots)
Stlth   +.........              (no amulet)
HPRegen 0.09/turn               (no ring)
MPRegen 0.08/turn               (no ring)

@: no status effects
A: no striking features
a: Renounce Religion, Depart the Abyss, Bend Space


You were on level 1 of the Dungeon.
You worshipped Lugonu.
Lugonu was pleased with you.
You visited 1 branch of the dungeon, and saw 1 of its levels.
You visited the Abyss 1 time.

You collected 7 gold pieces.

Inventory:

Hand Weapons
 a - a +1 hand axe (weapon)
Missiles
 c - 8 stones
Armour
 b - a +0 leather armour (worn)
Scrolls
 d - a scroll of fear {unknown}
 e - a scroll of identify {unknown}
Potions
 f - a potion of lignification {unknown}


   Skills:
 + Level 4.1 Fighting
 + Level 3.0 Axes
 + Level 2.4 Armour
 + Level 0.7 Dodging
 + Level 2.6 Invocations


You had one spell level left.
You didn't know any spells.
Your spell library was empty.

Dungeon Overview and Level Annotations

Branches:
Dungeon (1/15)

Altars:


Message History

The dart slug is lightly wounded.
The dart slug barely misses you.
You hit the dart slug.
The dart slug is heavily wounded.
The dart slug launches a dart at you. The slug dart misses you.
You hit the dart slug.
You kill the dart slug!
Lugonu accepts your kill.
f - a sapphire potion You start resting.
HP restored.
A hobgoblin comes into view. It is wielding a +0 hand axe.
You barely miss the hobgoblin. The hobgoblin barely misses you.
You hit the hobgoblin but do no damage. The hobgoblin misses you.
You closely miss the hobgoblin.
The hobgoblin hits you with a +0 hand axe.
You closely miss the hobgoblin.
The hobgoblin hits you with a +0 hand axe.
The hobgoblin closely misses you.
You completely miss the hobgoblin. The hobgoblin misses you.
You hit the hobgoblin but do no damage.
The hobgoblin hits you with a +0 hand axe.
The hobgoblin attacks as you move away!
The hobgoblin hits you but does no damage.
The hobgoblin attacks as you move away! The hobgoblin misses you.
The hobgoblin attacks as you move away! The hobgoblin barely misses you.
The hobgoblin attacks as you move away! The hobgoblin completely misses you.
The hobgoblin attacks as you move away!
The hobgoblin hits you with a +0 hand axe.
The hobgoblin attacks as you move away!
The hobgoblin hits you but does no damage.
The hobgoblin attacks as you move away!
The hobgoblin hits you with a +0 hand axe.
The hobgoblin attacks as you move away!
The hobgoblin hits you with a +0 hand axe!
* * * LOW HITPOINT WARNING * * *
The hobgoblin attacks as you move away!
The hobgoblin hits you with a +0 hand axe.
You die...

≈≈≈≈≈≈≈≈≈#.#.#.#
#≈≈≈≈≈≈≈##.#.#.#
...........#.#.#
#.#.######.#.#.#
...........#.#.#
#.#.###.##.#.#.#
. #.##.#.#.### #.
#.##.#.#...# .
#.###'##.#.###@#
..#..........#
#g#
.............#
#.#
.............#
#.#
.............#
#.#
#............#
#.#
##.......#.#.#
#.# #.......#†#.#
#.#
#.......#.#.###.#


You could see a hobgoblin.

Vanquished Creatures
  A dart slug (D:1)
  2 giant cockroaches (D:1)
  A goblin (D:1)
  2 hobgoblins (D:1)
  3 kobolds (D:1)
  A ball python (D:1)
  A rat (D:1)
11 creatures vanquished.

Notes
Turn   | Place    | Note
-------+----------+-------------------------------------------
     0 | Abyss:1  | KeithyIrwin the Hill Orc Abyssal Knight began the quest for
                  | the Orb.
     0 | Abyss:1  | Reached XP level 1. HP: 19/19 MP: 2/2
    29 | D:1      | Escaped the Abyss
   185 | D:1      | Reached XP level 2. HP: 27/27 MP: 3/3
   198 | D:1      | Reached skill level 4 in Fighting
   358 | D:1      | Slain by a hobgoblin

Illustrated notes

Levels and vault maps discovered:
D:1:      dpeg_arrival_pond, layout_basic, nicolae_ecumenical_snake_handling,
          minmay_split_cup_small

Skill      XL: |  1  2 |
---------------+-------+-----
Axes           | 3 |  3.0
Fighting       | 4 |  4.1
Armour         | |  2.4
Dodging        | |  0.7
Invocations    | |  2.6

Action                   || total
-------------------------++-------
Melee: Hand axe          ||    47
Armor: Leather armour    ||    10
Dodge: Dodged            ||    33
